 Dungeon Crawl Stone Soup version 0.31-a0-986-g5e6e4ef867 (webtiles) character file.

Game seed: 5916836219108430767

309 Crabhammer the Insei (level 6, 0/38 HPs)
             Began as an Octopode Shapeshifter on Nov 25, 2023.
             Slain by a gnoll bouda
             ... wielding a +0 whip
              (5 damage)
             ... on level 4 of the Dungeon.
             The game lasted 00:12:07 (2570 turns).

Crabhammer the Insei (Octopode Shapeshifter)        Turns: 2570, Time: 00:12:08

Health: 0/38       AC:  1    Str: 13    XL:     6   Next: 41%
Magic:  6/6        EV: 13    Int: 15    God:
Gold:   116        SH:  0    Dex: 14    Spells: 5/5 levels left

rFire   . . .        l - +6 spear "Xaoshe Iruo" {flame, Int+3}
rCold   . . .        (no shield)
rNeg    . . .        (helmet currently unavailable)
rPois   .            (no amulet)
rElec   .            g - ring of flight
rCorr   .            (no ring)
SInv    .            (no ring)
Will    .....        (no ring)
Stlth   ++           (no ring)
HPRegen 0.26/turn    (no ring)
MPRegen 0.10/turn    (no ring)
                     (no ring)

%: no passive effects
@: about to teleport, beast-form, weakened, flying
A: beast (slay +1), almost no armour, amphibious, 8 rings, camouflage 1,
gelatinous body 1, (nimble swimmer 1), tentacles
a: Begin Untransformation


You were on level 4 of the Dungeon.
You were a hulking beast.
You visited 1 branch of the dungeon, and saw 4 of its levels.

You collected 116 gold pieces.

Inventory:

Hand Weapons
 l - the +6 spear "Xaoshe Iruo" (weapon) {flame, Int+3}
   (You found it on level 3 of the Dungeon)

   Int+3:     It affects your intelligence (+3).
 m - a +2 dagger of venom
Missiles
 d - 50 stones
 e - 5 boomerangs (quivered)
 j - 2 poisoned darts
Jewellery
 g - a ring of flight (left tentacle)
Talismans
 b - a beast talisman
 c - a flux talisman
Scrolls
 f - 4 scrolls of identify
Potions
 a - a potion of lignification
 h - a potion of experience {unknown}
 i - a potion of mutation {unknown}
 k - a potion of resistance


   Skills:
 + Level 1.1 Fighting
 - Level 2.0 Dodging
 + Level 6.8 Unarmed Combat
 * Level 3.3 Shapeshifting


You had 5 spell levels left.
You didn't know any spells.
Your spell library contained the following spells:

 Spells                   Type           Power      Damage    Failure   Level
 Poisonous Vapours        Pois/Air       0%         N/A       38%         2
 Sublimation of Blood     Necr           0%         N/A       38%         2
 Mephitic Cloud           Conj/Pois/Air  0%         N/A       63%         3
 Petrify                  Tmut/Erth      0%         N/A       95%         4
 Freezing Cloud           Conj/Ice/Air   0%         6-21      100%        5
 Irradiate                Conj/Tmut      0%         3d11      100%        5


Dungeon Overview and Level Annotations

Branches:
Dungeon (4/15)
 Temple: D:4-7

Altars:
Gozag


Innate Abilities, Weirdness & Mutations

You are a hulking beast.
Your limbs bulge with bestial killing power. (Slay +1)
You cannot wear most types of armour.
You are amphibious.
You can wear up to eight rings at the same time.
Your skin changes colour to match your surroundings (Stealth+).
Your rubbery body absorbs attacks. (AC +1, EV +1)
((You are camouflaged when in or above water. (Stealth+)))
You have tentacles for arms and can constrict up to eight enemies at once.


Message History

You throw a boomerang. The boomerang hits the gnoll.
The gnoll is lightly wounded.
Reach: l) +6 spear "Xaoshe Iruo" {flame, Int+3}
Press: ? - help, Dir - move target, f/p - gnoll
Aim: a gnoll, wielding a +0 club (lightly wounded, about 28% to evade the +6 spear "Xaoshe Iruo")
You reach to attack!
You hit the gnoll. You burn the gnoll.
The gnoll is severely wounded.
You hit the gnoll but do no damage. You grab the gnoll.
The gnoll is severely wounded.
You constrict the gnoll, but do no damage.
The gnoll hits you with a +0 club!
The gnoll bouda barks out a call to the hunt!
The gnolls pick up the pace!
You completely miss the gnoll.
The gnoll is severely wounded.
You constrict the gnoll. The gnoll hits you with a +0 club.
You puncture the gnoll! You burn the gnoll.
You kill the gnoll!
A gnoll comes into view. It is wielding a +0 club.
The gnoll barely misses you.
You hit the gnoll. You burn the gnoll. You grab the gnoll.
You tentacle-slap the gnoll. You squeeze the gnoll.
You kill the gnoll!
The gnoll bouda gazes fiercely through you!
You feel your attacks grow feeble.
Reach: l) +6 spear "Xaoshe Iruo" {flame, Int+3}
Press: ? - help, Dir - move target, f - gnoll bouda
Aim: a gnoll bouda, wielding a +0 whip and wearing a +0 robe (about 28% to evade the +6 spear "Xaoshe Iruo")
You reach to attack!
You hit the gnoll bouda. You burn the gnoll bouda.
The gnoll bouda is lightly wounded.
You barely miss the gnoll bouda. Your grab misses the gnoll bouda.
The gnoll bouda is lightly wounded.
You hear the rusting of a very distant drain.
The gnoll bouda hits you with a +0 whip!
As you read the scroll of teleportation, it crumbles to dust.
You feel strangely unstable.
The gnoll hits you from afar with a +0 spear!
* * * LOW HITPOINT WARNING * * *
The gnoll bouda hits you with a +0 whip.
You die...

########### #.........#
#.#######.# #.# #.#
#####.#######.########
###..)..........hggg.g..
.......†..#####.#######.
..#.#####.# #.# ###.#
#.#####.### #.#
#.........# #.#
######..#.# #.# #.##.#
#.# ##.##.# ###.######
#.....#


You could see a gnoll bouda and 3 gnolls.

Vanquished Creatures
  A scorpion (D:4)
  2 orc priests (D:3)
  An iguana (D:4)
  Robin (D:3)
  2 gnolls (D:4)
  5 adders
  A worm (D:2)
  2 dart slugs
  5 orcs (D:3)
  9 ball pythons
  4 endoplasms
  2 giant cockroaches
  11 goblins
  9 hobgoblins
  3 jackals (D:2)
  6 kobolds
  2 quokkas
  7 bats
  2 frilled lizards (D:2)
  2 rats
77 creatures vanquished.

Notes
Turn   | Place    | Note
-------+----------+-------------------------------------------
     0 | D:1      | Crabhammer the Octopode Shapeshifter began the quest for
                  | the Orb.
     0 | D:1      | Reached XP level 1. HP: 13/13 MP: 1/1
   152 | D:1      | Noticed a golden eye
   153 | D:1      | Noticed a glass eye
   155 | D:1      | Found a faded altar of an unknown god.
   166 | D:1      | Reached XP level 2. HP: 18/18 MP: 2/2
   171 | D:1      | Noticed a glass eye
   328 | D:1      | Noticed a glass eye
   854 | D:1      | Reached skill level 4 in Unarmed Combat
   876 | D:1      | Reached XP level 3. HP: 22/23 MP: 3/3
  1247 | D:2      | Identified the +0 ring mail of Beogh's Whim {+Blink rPois
                  | Str-2}
  1371 | D:2      | Reached XP level 4. HP: 28/28 MP: 4/4
  1487 | D:2      | Reached skill level 5 in Unarmed Combat
  1765 | D:3      | Reached XP level 5. HP: 29/33 MP: 5/5
  1998 | D:3      | Reached skill level 6 in Unarmed Combat
  2019 | D:3      | Identified the +6 spear "Xaoshe Iruo" {flame, Int+3}
  2079 | D:3      | Found an opulent altar of Gozag.
  2093 | D:3      | Noticed Robin
  2125 | D:3      | Killed Robin
  2504 | D:4      | Reached XP level 6. HP: 38/38 MP: 6/6
  2570 | D:4      | Slain by a gnoll bouda

Illustrated notes

Levels and vault maps discovered:
D:1:      matt_arrival_spirals, layout_loops_corners,
          hellmonk_ecumenical_altar_watching_god
D:2:      layout_rooms
D:3:      layout_basic, nicolae_overflow_crystal_walls, uniq_robin
D:4:      layout_loops_ring, mainiacjoe_sewer_entry_somewhere_in_here_1

Skill      XL: |  1  2  3  4  5 |
---------------+----------------+-----
Unarmed Combat | 4 5 6 |  6.8
Fighting       | |  1.1
Dodging        | |  2.0
Shapeshifting  | |  3.3

Action                     |  1- 3 |  4- 6 || total
---------------------------+-------+-------++-------
  Melee: Unarmed           |    58 |    48 ||   106
         Constrict         |     9 |    15 ||    24
         Tentacles         |     7 |     8 ||    15
         Spear             |       |    22 ||    22
         Punch             |       |     1 ||     1
  Throw: Stone             |     2 |       ||     2
         Boomerang         |    16 |    23 ||    39
         Dart              |       |     6 ||     6
    Use: Scroll            |     5 |     4 ||     9
   Stab: Sleeping          |       |     1 ||     1
 Armour: Skin              |    23 |    21 ||    44
  Dodge: Dodged            |    28 |    22 ||    50

Table legend: (Time is in decaauts)
 A = Elapsed time spent in this place.
 B = Non-inter-level travel time spent in this place.
 C = Inter-level travel time spent in this place.
 D = Time resting spent in this place.
 E = Time spent auto-exploring this place.
 F = Levels seen in this place.
 G = Mean time per level.
                   A        B        C        D        E       F      G
               +--------+--------+--------+--------+--------+-----+--------+
         Total |   2574 |   2400 |    174 |    188 |   1509 |   4 |  643.5 |
       Dungeon |   2574 |   2400 |    174 |    188 |   1509 |   4 |  643.5 |
               +--------+--------+--------+--------+--------+-----+--------+

Top non-repeatable levels by time:
     D:1: 1127 daAuts
     D:3: 826 daAuts
     D:2: 515 daAuts
     D:4: 105 daAuts
